 Dungeon Crawl Stone Soup version 0.29.0-4-gdea44cf6ec (webtiles) character file.

Game seed: 17015667857799000788

21 qw the Sneak (level 2, 0/19 HPs)
             Began as a Gargoyle Delver on Sept 10, 2022.
             Frozen to death by an endoplasm (3 damage)
             ... in a sewer.
             The game lasted 00:00:12 (779 turns).

qw the Sneak (Gargoyle Delver)                       Turns: 779, Time: 00:00:12

Health: 0/19       AC:  5    Str: 15    XL:     2   Next: 87%
Magic:  2/2        EV: 11    Int: 10    God:
Gold:   0          SH:  0    Dex: 11    Spells: 1/1 levels left

rFire   . . .      SeeInvis .   a - +0 hand axe
rCold   . . .      Faith    .   (no shield)
rNeg    + . .      Spirit   .   b - +0 leather armour
rPois   inf        Reflect  .   (no helmet)
rElec   +          Harm     .   (no cloak)
rCorr   .          Rampage  .   (no gloves)
Will    .....                   (no boots)
Stlth   +++.......              (no amulet)
HPRegen 0.06/turn               (no ring)
MPRegen 0.08/turn               (no ring)

@: no status effects
A: sickness immunity, AC +2, negative energy resistance 1, electricity
resistance, torment resistance 1, petrification resistance
a: no special abilities


You were in a sewer.
You visited 1 branch of the dungeon, and saw 3 of its levels.
You also visited: Sewer.


Innate Abilities, Weirdness & Mutations

You are immune to sickness and miasma.
Your stone body is resilient. (AC +2)
You are immune to poison.
You resist negative energy. (rN+)
You are resistant to electric shocks. (rElec)
You are resistant to unholy torment.
You are immune to petrification.


   Skills:
 - Level 3.2 Fighting
 + Level 3.0 Axes
 - Level 1.5 Dodging
 - Level 5.4 Stealth


You had one spell level left.
You didn't know any spells.
Your spell library was empty.

Inventory:

Hand Weapons
 a - a +0 hand axe (weapon)
Armour
 b - a +0 leather armour (worn)
Wands
 g - a wand of digging (3)
Potions
 f - a potion of haste

Dungeon Overview and Level Annotations

Branches:
Dungeon (5/15)              Sewer (1/1)
 Temple: D:4-7

Altars:


Message History

A quokka comes into view.
The ball python hisses angrily.
You hear an angry hiss.
An endoplasm comes into view.
The ball python barely misses you. The ball python completely misses you.
The ball python misses you. The ball python grabs you.
The ball python constricts you.
You hit the ball python.
You kill the ball python!
A ball python comes into view.
The ball python moves out of view.
Your Axes skill increases to level 3!
You hit the quokka.
The quokka is moderately wounded.
The quokka bites you.
You closely miss the quokka.
The quokka is moderately wounded.
You barely miss the endoplasm.
The endoplasm hits you but does no damage.
The quokka bites you. The endoplasm barely misses you.
You barely miss the endoplasm. You hit the quokka but do no damage.
The quokka closely misses you. The endoplasm hits you. The quokka bites you.
You hit the endoplasm.
The endoplasm is heavily wounded.
You hit the quokka but do no damage.
The quokka splashes around in the water.
The endoplasm freezes you.
You are frozen.
You hit the endoplasm.
The endoplasm is almost dead.
You hit the quokka. The quokka bites you. The endoplasm freezes you.
You are frozen.
You hit the endoplasm but do no damage.
The endoplasm is almost dead.
You closely miss the quokka. The quokka closely misses you.
The endoplasm freezes you.
You are frozen.
You die...

#~#~~#
#~#.~#
#~#~.#
###.#.~#
#~~~#~.#
#~~##.##
##~~#%%#
#~~~#.\#
#@~##..#
#Jr~#~.##
#.~~~#~~#
~~~~~##\##
~~~..#####
~~~.~~#
~~~~##
####


You could see an endoplasm and a quokka.

Vanquished Creatures
  An adder (Sewer)
  A worm (D:3)
  2 endoplasms (Sewer)
  2 quokkas (Sewer)
  3 ball pythons (Sewer)
  A frilled lizard (Sewer)
10 creatures vanquished.

Notes
Turn   | Place    | Note
-------+----------+-------------------------------------------
     0 | D:5      | qw the Gargoyle Delver began the quest for the Orb.
     0 | D:5      | Reached XP level 1. HP: 14/14 MP: 1/1
     0 | D:5      | 0 ||| qw: Version: 0.1-a-116-g5d60599
     0 | D:5      | 0 ||| qw: Game counter: 9355
     0 | D:5      | 0 ||| qw: Always use a shield: true
     0 | D:5      | 0 ||| qw: God list: Okawaru
     0 | D:5      | 0 ||| qw: Allow faded altars: false
     0 | D:5      | 0 ||| qw: Do Orc after D:15 true
     0 | D:5      | 0 ||| qw: Do second Lair branch before Depths: true
     0 | D:5      | 0 ||| qw: Lair rune preference: random
     0 | D:5      | 0 ||| qw: Plans: Normal
     0 | D:5      | 0 ||| PLANNING D:1-11
     0 | D:5      | 0 ||| DROPPING scroll of fog.
     1 | D:5      | 1 ||| DROPPING scroll of magic mapping.
     2 | D:5      | 2 ||| DROPPING scroll of fear.
    38 | D:3      | 38 ||| PLANNING SEWER
    57 | D:3      | Found a glowing drain.
    75 | D:3      | 75 ||| Stepping ~*~*~tactically~*~*~ (water).
    78 | D:3      | HP: 1/14 [worm (7)]
   406 | Sewer    | Entered a sewer
   428 | Sewer    | Reached XP level 2. HP: 11/19 MP: 2/2
   610 | Sewer    | 610 ||| Stepping ~*~*~tactically~*~*~ (water).
   774 | Sewer    | Reached skill level 3 in Axes
   778 | Sewer    | HP: 3/19 [frozen (2)]
   779 | Sewer    | Frozen to death by an endoplasm

Levels and vault maps discovered:
D:3:      minmay_goblin_kobold_castle, layout_basic, lemuel_doored_altar,
          cheibrodos_sewer_entry_bend, kennysheep_cluttered_room
D:4:      layout_gridville, moated_statue, minmay_fractal_squares_gapless_5,
          uniq_menkaure, uniq_grinder
D:5:      lemuel_ratsnest, layout_basic, kennysheep_cross_bottleneck
Sewer:    sewer_frog_island_02

Skill      XL: |  1  2 |
---------------+-------+-----
Axes           | 2 3 |  3.0
Fighting       | |  3.2
Dodging        | |  1.5
Stealth        | |  5.4

Action                   || total
-------------------------++-------
Melee: Hand axe          ||    51
Armor: Leather armour    ||    13
Dodge: Dodged            ||    35

Table legend:
 A = Non-vault XP
 B = Vault XP
 C = Vault XP percentage of total XP
 D = Non-vault monster count
 E = Vault monster count
 F = Vault count percentage of total count
                 A         B        C        D         E       F
            +---------+---------+-------+---------+---------+-------
      Total |       0 |      31 | 100.0 |       0 |      10 | 100.0
            +---------+---------+-------+---------+---------+-------
        D:3 |       0 |       5 | 100.0 |       0 |       1 | 100.0
      Sewer |       0 |      26 | 100.0 |       0 |       9 | 100.0
            +---------+---------+-------+---------+---------+-------
